 Dungeon Crawl Stone Soup version 0.25.0-9-g26727b657a (webtiles) character file.

Game seed: 9045409253115984978

1684 Gwenloh the Cudgeler (level 8, -10/63 HPs)
             Began as a Demonspawn Chaos Knight on June 16, 2020.
             Was a Plaything of Xom.
             Mangled by an orc warrior
             ... wielding a +0 battleaxe
              (13 damage)
             ... on level 6 of the Dungeon.
             The game lasted 00:24:51 (6348 turns).

Gwenloh the Cudgeler (Demonspawn Chaos Knight)      Turns: 6348, Time: 00:24:52

Health: -10/63     AC:  8    Str: 15    XL:     8   Next: 71%
Magic:  8/8        EV: 19    Int: 16    God:    Xom [...*..]
Gold:   282        SH:  6    Dex: 20    Spells: 7/7 levels left

rFire    + . .     SeeInvis .   a - +3 whip
rCold    . . .     Gourm    .   j - +0 buckler
rNeg     . . .     Faith    .   y - +2 leather armour
rPois    .         Spirit   .   e - +0 helmet
rElec    +         Reflect  .   (no cloak)
rCorr    +         Harm     .   (no gloves)
MR       .....                  k - +0 pair of boots "Noiximom" {rElec rF+ rCorr Stlth-} (curse)
Stlth    +.........             (no amulet)
HPRegen  0.20/turn              F - +4 ring of evasion
MPRegen  0.11/turn              n - +6 ring of dexterity

@: no status effects
A: claws 2, clever 1, demonic guardian 1, powered by death 1, strong 1, sturdy
frame 1
a: Renounce Religion


You were on level 6 of the Dungeon.
You worshipped Xom.
You were a favourite toy of Xom.
You were not hungry.

You visited 1 branch of the dungeon, and saw 6 of its levels.

You collected 282 gold pieces.

Inventory:

Hand Weapons
 a - a +3 whip (weapon)
 b - a +0 hunting sling
 i - a +0 mace of chaos
Missiles
 d - 124 stones
 p - 74 sling bullets
 A - 6 atropa-tipped darts
 E - 7 javelins (quivered)
Armour
 e - a +0 helmet (worn)
 j - a +0 buckler (worn)
 k - the cursed +0 pair of boots "Noiximom" (worn) {rElec rF+ rCorr Stlth-}
   (You found it on level 5 of the Dungeon)

   It protects you from fire.
   It insulates you from electricity.
   It provides partial protection from all sources of acid and corrosion.
   It makes you less stealthy.
   It has a curse placed upon it.
 y - a +2 leather armour (worn)
Jewellery
 n - a +6 ring of dexterity (right claw)
 o - an uncursed ring of resist corrosion
 F - a +4 ring of evasion (left claw)
 G - the ring of Pride {MR- Str+5 Int+9 Stlth+}
   (Xom gifted it to you on level 4 of the Dungeon)

   [ring of stealth]

   It affects your strength (+5).
   It affects your intelligence (+9).
   It affects your resistance to hostile enchantments.
   It makes you more stealthy.
Wands
 C - a wand of flame (25)
Scrolls
 g - 3 scrolls of blinking
 q - 2 scrolls of teleportation
 r - a scroll of enchant armour
 u - 2 scrolls of immolation {unknown}
 v - 2 scrolls of identify
 x - 2 scrolls of magic mapping
 z - 3 scrolls of remove curse
 B - 2 scrolls of fear
 D - 5 scrolls of fog
 H - a scroll of enchant weapon
Potions
 f - a potion of brilliance {unknown}
 h - 3 potions of magic
 l - 2 potions of curing
 m - 2 potions of haste {unknown}
 s - a potion of heal wounds {unknown}
 t - 2 potions of flight {unknown}
 w - 2 potions of degeneration {unknown}
 J - a potion of cancellation {unknown}
Comestibles
 c - 12 rations
 I - 13 chunks of flesh


   Skills:
 + Level 5.5 Fighting
 * Level 6.3 Maces & Flails
 + Level 4.5 Armour
 + Level 4.2 Dodging
 + Level 3.6 Shields


You had 7 spell levels left.
You didn't know any spells.
Your spell library was empty.

Dungeon Overview and Level Annotations

Branches:
Dungeon (6/15)
 Temple: D:4-7

Altars:
Ashenzari
Dithmenos
Fedhas
Gozag
Okawaru
Uskayaw
Xom
Zin


Innate Abilities, Weirdness & Mutations

You have very sharp fingernails.
A weak demonic guardian rushes to your aid.
You regenerate a little health from kills.
Your movements are slightly less encumbered by armour. (ER -2)
Your mind is acute. (Int +2)
Your muscles are strong. (Str +2)


Message History

You barely miss the orc warrior.
The orc warrior is moderately wounded.
You block the orc warrior's attack.
The orc warrior hits your ufetubus with a +0 battleaxe!
Your ufetubus dies!
You whack the orc warrior!
The orc warrior is heavily wounded.
The orc warrior closely misses you.
You hit the orc warrior but do no damage.
The orc warrior is heavily wounded.
You closely miss the orc warrior.
The orc warrior is heavily wounded.
The orc warrior misses you.
You hit the orc warrior.
The orc warrior is heavily wounded.
You hit the orc warrior but do no damage.
The orc warrior is heavily wounded.
The orc warrior hits you with a +0 battleaxe!
You die...
Xom chortles!

#............. ##
#............. #
##................
#.....(..........#
####.....(..........#
#####.......((.........#
####....###....(.(........#
##....####
#....o..........# ..#####
##..(@(..((....# ###
###.((...(....#
##......(..## #
##......(.### ##
###.....#..## ##.
##.#####..###.. ###
###..#.. ##)... ###..


You could see an orc warrior.

Vanquished Creatures
  An ice beast (D:5)
  A sky beast (D:6)
  4 ogres
  A howler monkey (D:5)
  A centaur zombie (D:5)
  2 bullfrog zombies (D:5)
  An orc priest (D:6)
  3 bullfrog skeletons
  3 hounds
  6 orc wizards
  An iguana (D:5)
  6 worker ants
  A hound skeleton (D:5)
  A hound zombie (D:5)
  7 adders
  A shadow imp (D:6)
  An ooze (D:1)
  An adder skeleton (D:4)
  3 worms
  4 leopard geckos
  13 orcs
  7 giant cockroaches
  6 goblins
  8 hobgoblins
  7 jackals
  10 kobolds
  A quokka (D:5)
  A ball python (D:5)
  11 bats
  2 frilled lizards
  12 rats
127 creatures vanquished.

Vanquished Creatures (collateral kills)
  Edmund (D:4)
  2 ogres
  A howler monkey (D:6)
  A centaur skeleton (D:6)
  2 orc wizards (D:6)
  A worker ant (D:5)
  A worker ant zombie (D:5)
  An adder (D:5)
  2 orcs
  A giant cockroach (D:5)
  A frilled lizard (D:4)
14 creatures vanquished.

Vanquished Creatures (others)
  A bullfrog (D:6)
1 creature vanquished.

Grand Total: 142 creatures vanquished

Notes
Turn   | Place    | Note
-------+----------+-------------------------------------------
     0 | D:1      | Gwenloh the Demonspawn Chaos Knight began the quest for the
                  | Orb.
     0 | D:1      | Reached XP level 1. HP: 18/18 MP: 1/1
    78 | D:1      | Reached skill level 1 in Dodging
   107 | D:1      | Gained mutation: You have sharp fingernails. [demonic
                  | ancestry]
   107 | D:1      | Reached XP level 2. HP: 24/24 MP: 2/2
   326 | D:1      | XOM: confuse monster(s)
   534 | D:1      | Reached skill level 3 in Maces & Flails
   775 | D:1      | XOM: god gift: scroll labeled PAIROOGADD {god gift}
   891 | D:1      | Reached XP level 3. HP: 16/29 MP: 3/3
   891 | D:1      | XOM: summons 1 hostile demon
  1249 | D:2      | Found a shattered altar of Ashenzari.
  1249 | D:2      | XOM: 2-stop teleportation journey
  1294 | D:2      | XOM: silly message
  1323 | D:2      | Found a shimmering altar of Xom.
  1325 | D:2      | Found a glowing silver altar of Zin.
  1331 | D:2      | Found an opulent altar of Gozag.
  1490 | D:2      | Found an iron altar of Okawaru.
  1545 | D:2      | XOM: stat loss: -1 Dex (18/19)
  1572 | D:2      | Reached XP level 4. HP: 8/35 MP: 4/4
  1756 | D:1      | XOM: summons 1 hostile shadow creature
  1995 | D:2      | XOM is BORED!
  2087 | D:2      | XOM: smoke on damage
  2232 | D:2      | XOM: summons 4 hostile shadow creatures
  2533 | D:3      | Found a hide-covered altar of Uskayaw.
  2911 | D:3      | You fall into a shaft and drop 1 floor!
  2919 | D:4      | Gained mutation: You regenerate a little health from kills.
                  | [demonic ancestry]
  2919 | D:4      | Reached XP level 5. HP: 35/42 MP: 5/5
  3002 | D:4      | Found a blossoming altar of Fedhas.
  3036 | D:4      | Reached skill level 1 in Shields
  3082 | D:4      | XOM: silly message
  3169 | D:4      | Noticed an ogre
  3185 | D:4      | Killed an ogre
  3185 | D:4      | Reached skill level 4 in Maces & Flails
  3185 | D:4      | Gained mutation: You have very sharp fingernails. [demonic
                  | ancestry]
  3185 | D:4      | Reached XP level 6. HP: 22/48 MP: 6/6
  3333 | D:4      | Noticed Edmund
  3334 | D:4      | XOM: summons friendly ufetubus
  3345 | D:4      | XOM: scenery: create altars
  3347 | D:4      | XOM: scenery: create altars
  3359 | D:4      | Killed Edmund
  3680 | D:4      | Gained mutation: A weak demonic guardian rushes to your
                  | aid. [demonic ancestry]
  3680 | D:4      | Reached XP level 7. HP: 50/55 MP: 7/7
  3693 | D:4      | XOM: god gift: clouded silver ring {god gift}
  3703 | D:4      | XOM: give mutations
  3703 | D:4      | Gained mutation: Your mind is acute. (Int +2) [Xom's grace]
  3703 | D:4      | Gained mutation: Your muscles are strong. (Str +2) [Xom's
                  | grace]
  3706 | D:4      | Got a clouded silver ring {god gift}
  3708 | D:4      | Identified the ring of Pride {MR- Str+5 Int+9 Stlth+} (Xom
                  | gifted it to you on level 4 of the Dungeon)
  3882 | D:3      | XOM: scenery: 1 doors open
  4191 | D:3      | You fall into a shaft and drop 3 floors!
  4218 | D:6      | Found a shadowy altar of Dithmenos.
  4393 | D:6      | XOM: scenery: create altars
  4489 | D:5      | Entered Level 5 of the Dungeon
  4549 | D:5      | XOM: divination: detect items
  4579 | D:5      | Reached skill level 5 in Maces & Flails
  4667 | D:5      | XOM: cloud trail
  4809 | D:5      | Got a pair of dazzling boots
  4820 | D:5      | Identified the cursed +0 pair of boots "Noiximom" {rElec
                  | rF+ rCorr Stlth-} (You found it on level 5 of the Dungeon)
  4857 | D:4      | XOM: confuse monster(s)
  4865 | D:4      | Gained mutation: Your movements are slightly less
                  | encumbered by armour. (ER -2) [demonic ancestry]
  4865 | D:4      | Reached XP level 8. HP: 56/61 MP: 8/8
  4956 | D:4      | XOM: 1-stop teleportation journey
  5157 | D:5      | Upgraded the game from 0.25.0-3-gd7cc5688da to
                  | 0.25.0-9-g26727b657a
  5263 | D:5      | Reached skill level 5 in Fighting
  5351 | D:5      | XOM: silly message
  5416 | D:5      | XOM: noise
  5513 | D:5      | XOM: chaos cloud
  5527 | D:5      | XOM: enchant monster (good)
  5909 | D:6      | XOM: scenery: create altars
  5918 | D:6      | Reached skill level 6 in Maces & Flails
  6155 | D:6      | XOM: cast spell 'Summon Small Mammal'
  6213 | D:6      | XOM: god gift: 21 stones
  6326 | D:6      | XOM: destruction
  6341 | D:6      | HP: 2/63 [orc warrior/+0 battleaxe (24)]
  6348 | D:6      | Mangled by an orc warrior

Illustrated notes

Levels and vault maps discovered:
D:1:      eino_arrival_cavern_e, layout_loops_ring, roderic_cross_of_infinity,
          chequers_serial_rivers_micro_d
D:2:      layout_rooms, grunt_temple_overflow_open,
          nicolae_ashenzari_panopticon, okawaru_ov_weapons_minmay
D:3:      layout_loops_corners, old_standard_altar, lemuel_crystal_altar,
          first_ration
D:4:      layout_loops_cross, old_standard_altar, minmay_misc_feat_square,
          uniq_edmund
D:5:      layout_basic, grunt_tough_drop
D:6:      layout_cave_pods, basic_altar

Skill      XL: |  1  2  3  4  5  6  7  8 |
---------------+-------------------------+-----
Dodging        | 1 2 3 4 |  4.2
Armour         | 2 3 4 |  4.5
Maces & Flails | 3 4 5 6 |  6.3
Shields        | 1 2 3 |  3.6
Fighting       | 4 5 |  5.5

Action                   |  1- 3 |  4- 6 |  7- 9 || total
-------------------------+-------+-------+-------++-------
Melee: Mace              |    16 |       |       ||    16
       Whip              |    91 |   165 |   354 ||   610
 Fire: Hunting sling     |       |    65 |    68 ||   133
Throw: Stone             |     9 |     3 |       ||    12
       Javelin           |       |     1 |       ||     1
  Use: Scroll            |     5 |     3 |     5 ||    13
 Stab: Sleeping          |     1 |     1 |       ||     2
       Distracted        |       |       |     6 ||     6
       Confused          |       |       |     2 ||     2
  Eat: Chunk             |     2 |     7 |     9 ||    18
Armor: Ring mail         |    39 |       |       ||    39
       Leather armour    |     3 |    51 |    46 ||   100
Dodge: Dodged            |    65 |    80 |   178 ||   323
Block: Buckler           |     1 |    39 |    72 ||   112
